 Dungeon Crawl Stone Soup version 0.31-a0-237-g2d982f9f85 (webtiles) character file.

Game seed: 5443874813438296492

742 qw the Skirmisher (level 7, -6/59 HPs)
             Began as a Minotaur Hexslinger on July 11, 2023.
             Killed from afar by an electric eel (16 damage)
             ... with a bolt of electricity
             ... on level 6 of the Dungeon.
             The game lasted 00:01:24 (3946 turns).

qw the Skirmisher (Minotaur Hexslinger)             Turns: 3946, Time: 00:01:25

Health: -6/59      AC:  4    Str: 12    XL:     7   Next: 47%
Magic:  7/7        EV: 13    Int: 10    God:
Gold:   140        SH:  0    Dex: 15    Spells: 7/8 levels left

rFire   . . .        Y - +6 longbow (drain)
rCold   . . .        (shield currently unavailable)
rNeg    . . .        b - +1 robe {Will+}
rPois   .            (helmet restricted)
rElec   .            (no cloak)
rCorr   .            (no gloves)
SInv    .            h - +0 pair of boots
Will    +....        (no amulet)
Stlth   +            (no ring)
HPRegen 0.29/turn    (no ring)
MPRegen 0.10/turn

%: no passive effects
@: no status effects
A: horns 2, retaliatory headbutt
a: no special abilities


You were on level 6 of the Dungeon.
You visited 2 branches of the dungeon, and saw 7 of its levels.

You collected 176 gold pieces.
You spent 36 gold pieces at shops.


Innate Abilities, Weirdness & Mutations

You have a pair of horns on your head.
You reflexively headbutt those who attack you in melee.


   Skills:
 - Level 4.3 Fighting
 - Level 8.1 Ranged Weapons
 - Level 1.7 Armour
 + Level 2.7 Dodging
 - Level 1.0 Spellcasting
 - Level 2.0 Hexes


You had 7 spell levels left.
You knew the following spells:

 Your Spells              Type           Power      Damage    Failure   Level
a - Slow                  Hex            16%        N/A       16%         1

Your spell library contained the following spells:

 Spells                   Type           Power      Damage    Failure   Level
 Inner Flame              Hex/Fire       2%         N/A       56%         3
 Portal Projectile        Hex/Tloc       4%         N/A       56%         3
 Cause Fear               Hex            2%         N/A       83%         4

Inventory:

Hand Weapons
 Y - a +6 longbow of draining (weapon)
Armour
 b - a +1 robe of willpower (worn)
 c - a +0 ring mail
 h - a +0 pair of boots (worn)
Scrolls
 j - a scroll of identify
Potions
 d - 3 potions of curing
 e - 2 potions of mutation
 g - a potion of experience {unknown}
 i - a potion of magic {unknown}

Dungeon Overview and Level Annotations

Branches:
Dungeon (6/15)             Temple (1/1) D:4

Altars:
Dithmenos
Fedhas
Gozag
Hepliaklqana
Kikubaaqudgha
Makhleb
Sif Muna
Trog
Uskayaw
Vehumet
Xom
Zin
The Shining One

Shops:
D:2 !   D:5 (


Message History

You kill the jelly!
You enter the shallow water.
Moving in this stuff is going to be slow.
An electric eel comes into view.
The electric eel shoots out a bolt of lightning at you!
The bolt of electricity hits you.
Enter note:
3940 ||| Stepping ~*~*~tactically~*~*~ (water).
The electric eel shoots out a bolt of lightning at you!
The bolt of electricity hits you!
An electric eel comes into view. x2
Enter note: You shoot an arrow.
The arrow hits the electric eel.
You drain the electric eel.
The electric eel is heavily wounded.
The electric eel shoots out a bolt of lightning at you!
The bolt of electricity hits you.
You shoot an arrow. The arrow hits the electric eel.
You drain the electric eel.
You kill the electric eel!
You hear a splash.
The electric eel shoots out a bolt of lightning at you!
The bolt of electricity misses you.
Your Ranged Weapons skill increases to level 8!
You shoot an arrow.
The arrow closely misses the electric eel.
The electric eel shoots out a bolt of lightning at you!
The bolt of electricity hits you!
You shoot an arrow. The arrow hits the electric eel!
You kill the electric eel!
You hear a splash.
The electric eel shoots out a bolt of lightning at you!
The bolt of electricity hits you!
You shoot an arrow.
The arrow closely misses the electric eel.
The electric eel shoots out a bolt of lightning at you!
The bolt of electricity hits you!
You shoot an arrow.
The arrow closely misses the electric eel.
The electric eel shoots out a bolt of lightning at you!
The bolt of electricity hits you!
You die...

# #.# # #.# 77~.~~~ #
#.# 7~P.~~~ # #.#
7~~.%~S777 # #.#
7~~.~~~7~# # #.#
7~~.%~~~# #####.###
7P.~~~.#
........#77~.~~~.#
.######.#~7P.~~7@#####
.######..77P.P~~7:......
.#......~~~~.P~~P....$..
.#.#####7~~~.~~~7=#####.
.. 7~P~.P~~7.# ..
7~~~.P~~~.. ..
#P~PP.~~~#.##
##7P~.~~.....
#~P.P..#####


You could see an electric eel.

Vanquished Creatures
  An orc warrior (D:5)
  A kobold brigand (D:4)
  2 electric eels (D:6)
  2 hounds
  An orc priest (D:5)
  2 jellies
  Jessica (D:3)
  3 iguanas
  An orc wizard (D:4)
  9 adders
  4 gnolls (D:4)
  A white imp (D:5)
  An ufetubus (D:5)
  4 dart slugs
  12 orcs
  7 ball pythons
  6 endoplasms
  3 giant cockroaches
  10 goblins
  9 hobgoblins
  2 jackals (D:5)
  3 kobolds
  2 quokkas
  5 bats
  4 frilled lizards
  2 rats
98 creatures vanquished.

Notes
Turn   | Place    | Note
-------+----------+-------------------------------------------
     0 | D:1      | qw the Minotaur Hexslinger began the quest for the Orb.
     0 | D:1      | Reached XP level 1. HP: 16/16 MP: 1/1
     0 | D:1      | 0 ||| qw: Version: 0.3-a-52-g30416fa
     0 | D:1      | 0 ||| qw: Game counter: 5813
     0 | D:1      | 0 ||| qw: Melee chars always use a shield: true
     0 | D:1      | 0 ||| qw: God list: Okawaru
     0 | D:1      | 0 ||| qw: Allow faded altars: false
     0 | D:1      | 0 ||| qw: Do Orc after clearing Dungeon:15 true
     0 | D:1      | 0 ||| qw: Do second Lair branch before Depths: true
     0 | D:1      | 0 ||| qw: Lair rune preference: random
     0 | D:1      | 0 ||| qw: Goals: Normal
     0 | D:1      | 0 ||| PLANNING D:1-11
    48 | D:1      | Found a faded altar of an unknown god.
    53 | D:1      | 53 ||| FLEEEEING.
    54 | D:1      | 54 ||| FLEEEEING.
    75 | D:1      | Reached skill level 3 in Ranged Weapons
    75 | D:1      | Reached XP level 2. HP: 17/23 MP: 2/2
   514 | D:1      | 514 ||| READING scroll labelled MUBBECVAONA.
   515 | D:1      | 515 ||| READING 2 scrolls labelled WITTEI INAH.
   516 | D:1      | 516 ||| READING scroll of enchant weapon.
   516 | D:1      | 516 ||| ENCHANTING +2 sling.
   517 | D:1      | 517 ||| READING scroll labelled IGHOLYX JYSO.
   518 | D:1      | 518 ||| READING scroll labelled SOSUTO QITOS.
   522 | D:1      | 522 ||| READING 2 scrolls labelled YMEOSUCWAOTZ.
   523 | D:1      | 523 ||| DRINKING 3 fuming inky potions.
   524 | D:1      | 524 ||| DRINKING 2 blue potions.
   525 | D:1      | 525 ||| DROPPING scroll of poison.
   526 | D:1      | 526 ||| DROPPING potion of invisibility.
   559 | D:2      | Reached XP level 3. HP: 29/29 MP: 3/3
   781 | D:2      | Found Eroahin's Distillery.
   789 | D:2      | 789 ||| BUYING potion of curing (36 gold).
   789 | D:2      | Bought a potion of curing for 36 gold pieces
   789 | D:2      | 789 ||| SHOPLISTING potion of curing (36 gold, have 19).
   789 | D:2      | 789 ||| SHOPLISTING potion of enlightenment (60 gold, have
                  | 19).
   789 | D:2      | 789 ||| SHOPLISTING potion of heal wounds (60 gold, have
                  | 19).
   789 | D:2      | 789 ||| SHOPLISTING potion of resistance (120 gold, have
                  | 19).
   904 | D:2      | Reached skill level 4 in Ranged Weapons
  1444 | D:2      | Reached XP level 4. HP: 36/36 MP: 4/4
  1499 | D:2      | 1499 ||| UPGRADING to +0 leather armour.
  1509 | D:2      | 1509 ||| DROPPING +0 robe.
  1510 | D:2      | 1510 ||| READING 4 scrolls of identify.
  1510 | D:2      | 1510 ||| IDENTIFYING lumpy cyan potion
  1511 | D:2      | 1511 ||| READING 3 scrolls of identify.
  1511 | D:2      | 1511 ||| IDENTIFYING grey potion
  1512 | D:2      | 1512 ||| DROPPING potion of attraction.
  1603 | D:3      | Found a shadowy altar of Dithmenos.
  1603 | D:3      | Noticed a shadow
  1608 | D:3      | Found a hazy altar of Hepliaklqana.
  1647 | D:3      | Noticed Jessica
  1655 | D:3      | Killed Jessica
  1656 | D:3      | Reached skill level 5 in Ranged Weapons
  1661 | D:3      | HP: 8/36 [orc/+0 hand axe (2)]
  1662 | D:3      | 1662 ||| READING 2 scrolls of teleportation.
  2040 | D:3      | 2040 ||| UPGRADING to +0 ring mail.
  2050 | D:3      | 2050 ||| DROPPING +0 leather armour.
  2051 | D:3      | 2051 ||| READING scroll labelled UCVUSI URHAGO.
  2069 | D:4      | 2069 ||| STAIRDANCE
  2075 | D:3      | Reached skill level 1 in Armour
  2075 | D:3      | Reached XP level 5. HP: 35/42 MP: 5/5
  2323 | D:4      | Reached skill level 3 in Fighting
  2411 | D:4      | 2411 ||| Stepping ~*~*~tactically~*~*~ (outnumbered).
  2494 | D:4      | Reached skill level 6 in Ranged Weapons
  2494 | D:4      | Reached XP level 6. HP: 42/51 MP: 6/6
  2581 | D:4      | HP: 13/52 [gnoll/+0 spear (2)]
  2582 | D:4      | 2582 ||| READING scroll of teleportation.
  2946 | D:4      | Found a staircase to the Ecumenical Temple.
  2947 | D:4      | 2947 ||| PLANNING TEMPLE
  2947 | D:4      | 2947 ||| UPGRADING to +0 pair of boots.
  2952 | D:4      | 2952 ||| READING scroll labelled DOTAGH CEYVVU.
  2953 | D:4      | 2953 ||| READING scroll labelled BIRE VUMIEVAU.
  2953 | D:4      | Identified a scroll of acquirement
  2953 | D:4      | 2953 ||| ACQUIRING +6 longbow of draining
  2953 | D:4      | Acquired a +6 longbow of draining
  2955 | D:4      | 2955 ||| SWAPPING to +6 longbow of draining.
  2956 | D:4      | 2956 ||| DROPPING +3 sling.
  2957 | D:4      | 2957 ||| READING 3 scrolls of identify.
  2957 | D:4      | 2957 ||| IDENTIFYING lumpy white potion
  2958 | D:4      | 2958 ||| READING 2 scrolls of identify.
  2958 | D:4      | 2958 ||| IDENTIFYING murky blue potion
  2959 | D:4      | 2959 ||| DROPPING potion of lignification.
  2960 | D:4      | 2960 ||| DROPPING potion of ambrosia.
  2969 | Temple   | Entered the Ecumenical Temple
  2999 | Temple   | 2999 ||| PLANNING D:1-11
  3071 | D:5      | Entered Level 5 of the Dungeon
  3098 | D:5      | Found Foirotz's Antique Weapon Shop.
  3188 | D:5      | Noticed an orc warrior
  3192 | D:5      | Killed an orc warrior
  3193 | D:5      | Reached skill level 7 in Ranged Weapons
  3193 | D:5      | Reached XP level 7. HP: 47/59 MP: 7/7
  3782 | D:5      | 3782 ||| UPGRADING to +1 robe of willpower.
  3792 | D:5      | 3792 ||| READING scroll labelled QIASHIU KYQEST.
  3793 | D:5      | 3793 ||| READING scroll labelled EHYIPH MUTO.
  3934 | D:6      | 3934 ||| Stepping ~*~*~tactically~*~*~ (water).
  3940 | D:6      | 3940 ||| Stepping ~*~*~tactically~*~*~ (water).
  3943 | D:6      | Reached skill level 8 in Ranged Weapons
  3945 | D:6      | HP: 10/59 [electric eel/bolt of electricity (13)]
  3946 | D:6      | Killed from afar by an electric eel

Levels and vault maps discovered:
D:1:      wander_arrival_lonely_grave, layout_loops_ring,
          hellmonk_ecumenical_altar_pennies_from_heaven
D:2:      layout_basic, serial_shops, nicolae_shop_waterfront
D:3:      layout_rooms, riverfiend_overflow_shadow_ancestor, uniq_jessica
D:4:      layout_basic, minmay_temple_entry_statues_pillars
D:5:      layout_basic, serial_shops, shop, minmay_misc_feat_rows,
          nicolae_nh_ransacked_shop
D:6:      layout_loops_ring, serial_bayou_pond_c, serial_bayou_lagoon_b
Temple:   nicolae_temple_ecumenical_triangle

Skill      XL: |  1  2  3  4  5  6  7 |
---------------+----------------------+-----
Ranged Weapons | 3 4 5 6 7 8 |  8.1
Fighting       | 2 3 4 |  4.3
Armour         | 1 |  1.7
Dodging        | |  2.7
Spellcasting   | |  1.0
Hexes          | |  2.0

Action                     |  1- 3 |  4- 6 |  7- 9 || total
---------------------------+-------+-------+-------++-------
   Fire: Sling             |    96 |   134 |       ||   230
         Longbow           |       |    21 |    27 ||    48
    Use: Scroll            |     6 |     9 |     2 ||    17
         Potion            |     2 |       |       ||     2
 Armour: Robe              |     6 |       |     1 ||     7
         Leather armour    |       |     6 |       ||     6
         Ring mail         |       |    11 |     3 ||    14
  Dodge: Dodged            |    19 |    57 |    12 ||    88

Table legend:
 A = Non-vault XP
 B = Vault XP
 C = Vault XP percentage of total XP
 D = Non-vault monster count
 E = Vault monster count
 F = Vault count percentage of total count
                 A         B        C        D         E       F
            +---------+---------+-------+---------+---------+-------
      Total |     846 |     214 |  20.2 |      94 |       4 |   4.1
            +---------+---------+-------+---------+---------+-------
        D:1 |      38 |       0 |   0.0 |      20 |       0 |   0.0
        D:2 |      63 |       0 |   0.0 |      17 |       0 |   0.0
        D:3 |      71 |      37 |  34.3 |      15 |       1 |   6.2
        D:4 |     298 |       0 |   0.0 |      23 |       0 |   0.0
        D:5 |     226 |     177 |  43.9 |      16 |       3 |  15.8
        D:6 |     150 |       0 |   0.0 |       3 |       0 |   0.0
            +---------+---------+-------+---------+---------+-------
